 Dungeon Crawl Stone Soup version 0.28.0-45-g0d030f2227 (webtiles) character file.

Game seed: 2091485324564871742

29 Descartes the Scratcher (level 3, 0/15 HPs)
             Began as a Felid Transmuter on Apr 8, 2022.
             Slain by a quokka (4 damage)
             ... on level 2 of the Dungeon.
             The game lasted 00:01:25 (1436 turns).

Descartes the Scratcher (Felid Transmuter)          Turns: 1436, Time: 00:01:26

Health: 0/15       AC:  1    Str:  8    XL:     3   Next: 1%
Magic:  7/7        EV: 18    Int: 14    God:
Gold:   45         SH:  0    Dex: 16    Spells: 5/6 levels left
                                        Lives:  0   Deaths: 0

rFire   . . .      SeeInvis +     - Unarmed
rCold   . . .      Faith    .   (shield unavailable)
rNeg    . . .      Spirit   .   (armour unavailable)
rPois   .          Reflect  .   (helmet unavailable)
rElec   .          Harm     .   (cloak unavailable)
rCorr   .          Rampage  .   (gloves unavailable)
Will    .....                   (boots unavailable)
Stlth   ++........              (no amulet)
HPRegen 0.05/turn               (no ring)
MPRegen 0.10/turn               (no ring)

@: quick
A: very small, claws 1, fangs 3, see invisible, speed 1, shaggy fur 1, stealthy
paws, no weapons or thrown items, no armour, multi-lived
a: no special abilities


You were on level 2 of the Dungeon.
You visited 1 branch of the dungeon, and saw 2 of its levels.

You collected 45 gold pieces.

Inventory:

Missiles
 e - 32 stones
Jewellery
 a - an amulet of the acrobat
Scrolls
 b - a scroll of vulnerability {unknown}
 d - 2 scrolls of teleportation {unknown}
Potions
 c - a potion of curing {unknown}


   Skills:
 - Level 1.0 Fighting
 + Level 3.2 Dodging
 * Level 2.3 Stealth
 + Level 3.2 Unarmed Combat
 - Level 2.0 Spellcasting
 + Level 2.6 Transmutations


You had 5 spell levels left.
You knew the following spells:

 Your Spells              Type           Power      Damage    Failure   Level
a - Beastly Appendage     Tmut           16%        N/A       9%          1

Your spell library contained the following spells:

 Spells                   Type           Power      Damage    Failure   Level
 Wereblood                Tmut           8%         N/A       12%         2
 Spider Form              Tmut/Pois      5%         N/A       38%         3
 Ice Form                 Ice/Tmut       5%         N/A       80%         4


Dungeon Overview and Level Annotations

Branches:
Dungeon (2/15)

Altars:


Innate Abilities, Weirdness & Mutations

You have sharp claws.
You have razor-sharp teeth.
You have supernaturally acute eyesight. (SInv)
You cover ground quickly. (Speed+)
You are covered in fur. (AC +1)
Your paws help you pounce on unaware monsters.
You are incapable of wielding weapons or throwing items.
You cannot wear armour.
You gain extra lives every three experience levels.


Message History

No target in view!
No target in view!
No target in view!
No target in view!
No target in view!
No target in view!
No target in view!
Found a stone staircase leading up.
Found a stone staircase leading down.
You open the door.
A quokka comes into view.
Found a scroll labelled VAEFUS QEFA.
Found 13 gold pieces.
The quokka bites you.
There is an open door here.
You miss the quokka. The quokka bites you.
You scratch the quokka.
The quokka is almost dead.
The quokka bites you.
* * * LOW HITPOINT WARNING * * *
You are too injured to fight recklessly!
You are too injured to fight recklessly!
You are too injured to fight recklessly!
You are too injured to fight recklessly!
You are too injured to fight recklessly!
You are too injured to fight recklessly!
You are too injured to fight recklessly!
You are too injured to fight recklessly!
You are too injured to fight recklessly!
A quokka is nearby!
You scratch the quokka but do no damage.
The quokka is almost dead.
The quokka barely misses you.
Unknown command.
You scratch the quokka but do no damage.
The quokka is almost dead.
The quokka barely misses you.
You closely miss the quokka.
The quokka is almost dead.
The quokka bites you.
You die...

#.# #..##.####.###.# ######.##
##............#.# .......#.##
##......####.#.#.#
##.....>..###.....######.....##
#.###.###...#...## #..<......#
# #. ######.## #.####.##.# #.
#.# # ##.##.# .. #.# #..##.# ##
#@# #.###.###.# #..r#
#.........# #.....# #####.#####
#.......# ##.##
#.?.......####...#####
+.........+...........
#.........##.......###
##.$.....###.......# #....†..#


You could see a quokka.

Vanquished Creatures
  A bat (D:1)
  2 endoplasms
  A giant cockroach (D:1)
  A goblin (D:1)
  2 hobgoblins
  2 jackals (D:1)
  4 quokkas (D:1)
  4 ball pythons (D:1)
  2 frilled lizards
  2 kobolds (D:1)
  6 rats
27 creatures vanquished.

Notes
Turn   | Place    | Note
-------+----------+-------------------------------------------
     0 | D:1      | Descartes the Felid Transmuter began the quest for the Orb.
     0 | D:1      | Reached XP level 1. HP: 9/9 MP: 4/4
   114 | D:1      | Reached skill level 1 in Stealth
   144 | D:1      | Reached XP level 2. HP: 12/12 MP: 6/6
  1275 | D:2      | Reached XP level 3. HP: 15/15 MP: 7/7
  1436 | D:2      | Slain by a quokka

Illustrated notes

Levels and vault maps discovered:
D:1:      onia_arrival_pyramid, layout_loops_cross,
          chequers_serial_rivers_micro_e
D:2:      layout_loops_corners, item_on_display_a

Skill      XL: |  1  2 |
---------------+-------+-----
Stealth        | 1 2 |  2.3
Dodging        | 3 |  3.2
Fighting       | |  1.0
Unarmed Combat | |  3.2
Spellcasting   | |  2.0
Transmutations | |  2.6

Action                   || total
-------------------------++-------
Melee: Unarmed           ||    77
       Bite              ||     6
 Stab: Sleeping          ||    11
Armor: Skin              ||     4
Dodge: Dodged            ||    49
